2685 views
Uploaded 2022-04-15 16:55:55
Game version 1.32.10
75:12 long 4on4 ladder game on (8)GoldRush
Saved by GIGA
2685 views
Uploaded 2022-04-15 16:55:55
Game version 1.32.10
75:12 long 4on4 ladder game on (8)GoldRush


363 units @ 37.7k
/ 5.8k
305 buildings @ 25.7k
/ 11.9k
Cabeelibob
(194)
(75:01) : 
| Lesser Clarity Potion | 5 | 350 |
| Healing Salve | 1 | 100 |
| Orb of Lightning | 2 | 750 |
| Tiny Great Hall | 11 | 6600 |
| Staff of Teleportation | 1 | 150 |
| Boots of Speed | 1 | 250 |
| total: | 21 | 8200g |
| Peon | 78 | 5850 | / | 0 |
| Troll Witch Doctor | 8 | 1160 | / | 200 |
| Kodo Beast | 3 | 765 | / | 180 |
| Troll Batrider | 15 | 2400 | / | 600 |
| total: | 104 | 10175g | / | 980w |
| Watch Tower | 5 | 550 | / | 400 |
| Altar of Storms | 2 | 360 | / | 100 |
| Orc Burrow | 6 | 960 | / | 240 |
| War Mill | 5 | 1025 | / | 0 |
| Voodoo Lounge | 2 | 260 | / | 60 |
| Great Hall | 6 | 2310 | / | 1110 |
| Spirit Lodge | 1 | 150 | / | 150 |
| Beastiary | 2 | 290 | / | 280 |
| Stronghold | 1 | 315 | / | 190 |
| Fortress | 1 | 325 | / | 190 |
| total: | 29 | 5905g | / | 2340w |
| 0:06 | Altar of Storms |
| 0:08 | Orc Burrow |
| 0:09 | Peon |
| 0:17 | Peon |
| 0:22 | Peon |
| 0:30 | Peon |
| 1:01 | War Mill |
| 1:20 | Orc Burrow |
| 1:23 | Peon |
| 1:28 | Peon |
| 1:54 | Peon |
| 1:59 | Voodoo Lounge |
| 2:02 | Peon |
| 2:10 | Peon |
| 2:27 | Peon |
| 2:32 | Watch Tower |
| 2:38 | Wind Walk |
| 2:48 | Peon |
| 3:14 | Watch Tower |
| 3:22 | Spiked Barricades |
| 3:25 | Peon |
| 3:44 | Watch Tower |
| 4:32 | Great Hall |
| 4:35 | Critical Strike |
| 4:48 | Great Hall |
| 5:02 | Lesser Clarity Potion |
| 5:04 | Healing Salve |
| 5:40 | Peon |
| 5:59 | Great Hall |
| 7:20 | Peon |
| 7:20 | Peon |
| 7:20 | Peon |
| 7:20 | Peon |
| 8:08 | Stronghold |
| 8:14 | Orc Burrow |
| 8:50 | Peon |
| 8:50 | Peon |
| 8:50 | Peon |
| 8:50 | Peon |
| 9:41 | Peon |
| 9:41 | Peon |
| 9:41 | Peon |
| 10:00 | Critical Strike |
| 10:45 | Fortress |
| 10:51 | Peon |
| 11:33 | Spirit Lodge |
| 11:46 | Staff of Teleportation |
| 11:46 | Boots of Speed |
| 12:55 | Great Hall |
| 13:13 | Witch Doctor Adept Training |
| 13:55 | Beastiary |
| 14:16 | Voodoo Lounge |
| 14:39 | Witch Doctor Master Training |
| 14:40 | Troll Witch Doctor |
| 14:40 | Troll Witch Doctor |
| 14:40 | Troll Witch Doctor |
| 14:40 | Troll Witch Doctor |
| 14:57 | Orb of Lightning |
| 15:01 | Wind Walk |
| 15:31 | War Drums Damage Increase |
| 16:12 | Lesser Clarity Potion |
| 16:18 | Tiny Great Hall |
| 16:50 | Great Hall |
| 17:00 | Peon |
| 17:00 | Peon |
| 17:00 | Peon |
| 17:00 | Peon |
| 17:02 | Peon |
| 19:38 | Critical Strike |
| 20:02 | Altar of Storms |
| 22:57 | Kodo Beast |
| 22:57 | Kodo Beast |
| 25:29 | Lesser Clarity Potion |
| 25:31 | Tiny Great Hall |
| 26:50 | Orc Burrow |
| 27:14 | Reinforced Defenses |
| 27:45 | Peon |
| 27:45 | Peon |
| 27:45 | Peon |
| 27:45 | Peon |
| 27:45 | Peon |
| 27:51 | Troll Batrider |
| 27:51 | Troll Batrider |
| 27:51 | Troll Batrider |
| 27:51 | Troll Batrider |
| 27:51 | Troll Batrider |
| 28:03 | War Mill |
| 28:03 | War Mill |
| 28:06 | War Mill |
| 28:18 | Tiny Great Hall |
| 29:43 | Beastiary |
| 29:46 | Peon |
| 29:46 | Peon |
| 29:46 | Peon |
| 29:46 | Peon |
| 29:47 | Peon |
| 30:54 | Troll Batrider |
| 30:55 | Troll Batrider |
| 30:55 | Troll Batrider |
| 30:55 | Troll Batrider |
| 30:55 | Troll Batrider |
| 31:27 | Orc Burrow |
| 32:21 | Orc Burrow |
| 33:01 | Tiny Great Hall |
| 33:47 | Great Hall |
| 33:57 | War Mill |
| 34:43 | Bladestorm |
| 37:14 | Wind Walk |
| 37:58 | Mirror Image |
| 41:30 | Peon |
| 41:30 | Peon |
| 41:30 | Peon |
| 41:30 | Peon |
| 41:30 | Peon |
| 41:54 | Watch Tower |
| 42:02 | Orb of Lightning |
| 42:06 | Tiny Great Hall |
| 43:16 | Lesser Clarity Potion |
| 45:01 | Tiny Great Hall |
| 45:09 | Watch Tower |
| 48:38 | Peon |
| 48:38 | Peon |
| 48:38 | Peon |
| 48:38 | Peon |
| 48:38 | Peon |
| 48:38 | Peon |
| 48:38 | Peon |
| 48:47 | Troll Batrider |
| 48:47 | Troll Batrider |
| 48:47 | Troll Batrider |
| 48:48 | Troll Batrider |
| 48:48 | Troll Batrider |
| 52:19 | Tiny Great Hall |
| 52:49 | Mirror Image |
| 58:05 | Peon |
| 59:57 | Kodo Beast |
| 60:03 | Tiny Great Hall |
| 60:39 | Peon |
| 60:39 | Peon |
| 60:39 | Peon |
| 60:39 | Peon |
| 60:39 | Peon |
| 62:25 | Peon |
| 62:25 | Peon |
| 62:25 | Peon |
| 62:25 | Peon |
| 62:25 | Peon |
| 62:49 | Troll Witch Doctor |
| 62:49 | Troll Witch Doctor |
| 62:49 | Troll Witch Doctor |
| 62:49 | Troll Witch Doctor |
| 62:58 | Mirror Image |
| 64:53 | Peon |
| 65:31 | Lesser Clarity Potion |
| 66:28 | Tiny Great Hall |
| 68:48 | Tiny Great Hall |
| 69:24 | Peon |
| 69:24 | Peon |
| 69:25 | Peon |
| 69:25 | Peon |
| 69:25 | Peon |
| 71:34 | Tiny Great Hall |
| 72:13 | Peon |
| 72:13 | Peon |
| 72:13 | Peon |
| 72:14 | Peon |
| 72:14 | Peon |
| 74:29 | Peon |
| 74:30 | Peon |
| 74:30 | Peon |
| 74:30 | Peon |
| Right click | 2832 |
| Select | 484 |
| Select group | 287 |
| Misc. action | 278 |
| Build/train/purchase | 255 |
| Chat | 115 |
| Resource trade | 105 |
| Use ability | 66 |
| Minimap ping | 20 |
| Item give/drop | 8 |
| Assign group | 4 |
| Remove unit | 1 |
Jgraham2
(30)
(75:01) : 

| Peasant | 49 | 3675 | / | 0 |
| total: | 49 | 3675g | / | 0w |
| Scout Tower | 136 | 4080 | / | 2720 |
| Arcane Tower | 2 | 140 | / | 100 |
| Guard Tower | 46 | 3220 | / | 2300 |
| Altar of Kings | 2 | 360 | / | 100 |
| Farm | 11 | 880 | / | 220 |
| Lumber Mill | 5 | 600 | / | 0 |
| Town Hall | 7 | 2695 | / | 1435 |
| Keep | 1 | 320 | / | 210 |
| Castle | 1 | 360 | / | 210 |
| total: | 161 | 8615g | / | 4475w |
| 0:11 | Altar of Kings |
| 0:13 | Peasant |
| 0:13 | Peasant |
| 0:13 | Peasant |
| 0:13 | Peasant |
| 0:31 | Farm |
| 0:31 | Farm |
| 0:34 | Farm |
| 0:35 | Farm |
| 0:36 | Farm |
| 0:42 | Peasant |
| 0:49 | Scout Tower |
| 1:06 | Lumber Mill |
| 1:17 | Arcane Tower |
| 1:42 | Peasant |
| 1:42 | Peasant |
| 1:43 | Peasant |
| 1:43 | Peasant |
| 1:43 | Peasant |
| 2:12 | Peasant |
| 2:12 | Peasant |
| 2:30 | Scout Tower |
| 2:30 | Scout Tower |
| 2:32 | Scout Tower |
| 2:33 | Scout Tower |
| 2:38 | Scout Tower |
| 2:40 | Scout Tower |
| 2:45 | Peasant |
| 2:45 | Peasant |
| 2:56 | Storm Bolt |
| 3:05 | Scout Tower |
| 3:05 | Scout Tower |
| 3:07 | Scout Tower |
| 3:07 | Scout Tower |
| 3:08 | Scout Tower |
| 3:08 | Scout Tower |
| 3:09 | Scout Tower |
| 3:09 | Scout Tower |
| 3:15 | Improved Lumber Harvesting |
| 3:18 | Peasant |
| 3:22 | Guard Tower |
| 3:39 | Guard Tower |
| 4:11 | Guard Tower |
| 4:22 | Town Hall |
| 4:33 | Peasant |
| 4:56 | Guard Tower |
| 4:58 | Guard Tower |
| 5:00 | Guard Tower |
| 5:02 | Guard Tower |
| 5:11 | Guard Tower |
| 5:22 | Guard Tower |
| 5:26 | Scout Tower |
| 5:27 | Scout Tower |
| 5:28 | Scout Tower |
| 5:29 | Scout Tower |
| 5:55 | Guard Tower |
| 5:59 | Keep |
| 6:12 | Guard Tower |
| 6:28 | Improved Masonry |
| 6:47 | Scout Tower |
| 6:48 | Scout Tower |
| 6:49 | Scout Tower |
| 6:51 | Scout Tower |
| 6:51 | Scout Tower |
| 6:53 | Guard Tower |
| 7:30 | Guard Tower |
| 7:38 | Scout Tower |
| 7:42 | Peasant |
| 7:42 | Peasant |
| 7:42 | Peasant |
| 7:42 | Peasant |
| 7:56 | Guard Tower |
| 8:04 | Scout Tower |
| 8:07 | Scout Tower |
| 8:08 | Scout Tower |
| 8:09 | Scout Tower |
| 8:10 | Guard Tower |
| 8:27 | Advanced Lumber Harvesting |
| 8:36 | Guard Tower |
| 8:38 | Guard Tower |
| 8:42 | Scout Tower |
| 8:44 | Scout Tower |
| 8:46 | Scout Tower |
| 8:47 | Scout Tower |
| 8:48 | Scout Tower |
| 8:49 | Scout Tower |
| 8:50 | Scout Tower |
| 8:50 | Scout Tower |
| 9:31 | Guard Tower |
| 9:35 | Guard Tower |
| 9:39 | Advanced Masonry |
| 9:58 | Guard Tower |
| 10:04 | Guard Tower |
| 10:11 | Scout Tower |
| 10:11 | Scout Tower |
| 10:13 | Scout Tower |
| 10:14 | Scout Tower |
| 10:14 | Scout Tower |
| 10:15 | Scout Tower |
| 10:28 | Holy Light |
| 10:51 | Guard Tower |
| 11:13 | Scout Tower |
| 11:14 | Scout Tower |
| 11:15 | Scout Tower |
| 11:16 | Guard Tower |
| 11:40 | Castle |
| 11:50 | Scout Tower |
| 12:00 | Guard Tower |
| 12:34 | Guard Tower |
| 12:59 | Scout Tower |
| 12:59 | Scout Tower |
| 13:00 | Scout Tower |
| 13:00 | Scout Tower |
| 13:01 | Scout Tower |
| 13:19 | Peasant |
| 13:19 | Peasant |
| 13:19 | Peasant |
| 13:20 | Peasant |
| 13:52 | Guard Tower |
| 13:55 | Scout Tower |
| 13:56 | Scout Tower |
| 13:57 | Scout Tower |
| 13:58 | Scout Tower |
| 14:00 | Scout Tower |
| 14:50 | Guard Tower |
| 14:58 | Guard Tower |
| 15:06 | Imbued Masonry |
| 15:16 | Scout Tower |
| 15:20 | Scout Tower |
| 15:20 | Scout Tower |
| 15:22 | Scout Tower |
| 15:23 | Scout Tower |
| 15:24 | Scout Tower |
| 15:42 | Scout Tower |
| 15:44 | Scout Tower |
| 15:46 | Scout Tower |
| 16:17 | Guard Tower |
| 17:04 | Guard Tower |
| 17:59 | Farm |
| 18:00 | Farm |
| 18:00 | Farm |
| 18:01 | Farm |
| 18:29 | Town Hall |
| 21:58 | Lumber Mill |
| 22:15 | Altar of Kings |
| 23:57 | Scout Tower |
| 23:58 | Scout Tower |
| 23:59 | Scout Tower |
| 23:59 | Scout Tower |
| 24:08 | Town Hall |
| 24:50 | Guard Tower |
| 28:28 | Town Hall |
| 31:30 | Town Hall |
| 33:37 | Town Hall |
| 36:15 | Peasant |
| 36:20 | Peasant |
| 36:21 | Peasant |
| 37:20 | Peasant |
| 37:21 | Peasant |
| 38:16 | Peasant |
| 38:16 | Peasant |
| 38:45 | Peasant |
| 38:45 | Peasant |
| 38:46 | Peasant |
| 38:46 | Peasant |
| 38:46 | Peasant |
| 38:46 | Peasant |
| 39:31 | Scout Tower |
| 39:32 | Scout Tower |
| 39:32 | Scout Tower |
| 39:33 | Scout Tower |
| 39:51 | Peasant |
| 39:52 | Peasant |
| 39:52 | Peasant |
| 40:12 | Lumber Mill |
| 41:42 | Guard Tower |
| 41:54 | Guard Tower |
| 42:08 | Peasant |
| 42:08 | Peasant |
| 43:38 | Town Hall |
| 44:28 | Scout Tower |
| 44:29 | Scout Tower |
| 44:30 | Scout Tower |
| 44:50 | Peasant |
| 44:50 | Peasant |
| 44:52 | Peasant |
| 45:14 | Scout Tower |
| 45:15 | Scout Tower |
| 45:16 | Scout Tower |
| 45:16 | Scout Tower |
| 45:17 | Scout Tower |
| 45:17 | Scout Tower |
| 45:19 | Scout Tower |
| 45:21 | Scout Tower |
| 45:21 | Scout Tower |
| 45:22 | Scout Tower |
| 45:22 | Scout Tower |
| 46:41 | Guard Tower |
| 47:33 | Scout Tower |
| 47:33 | Scout Tower |
| 47:34 | Scout Tower |
| 47:35 | Scout Tower |
| 47:35 | Scout Tower |
| 48:43 | Lumber Mill |
| 49:14 | Guard Tower |
| 54:23 | Farm |
| 54:24 | Farm |
| 57:32 | Scout Tower |
| 57:32 | Scout Tower |
| 57:33 | Scout Tower |
| 57:34 | Scout Tower |
| 57:35 | Scout Tower |
| 57:36 | Scout Tower |
| 58:09 | Guard Tower |
| 58:11 | Guard Tower |
| 58:27 | Guard Tower |
| 58:39 | Scout Tower |
| 58:40 | Scout Tower |
| 58:42 | Guard Tower |
| 59:41 | Guard Tower |
| 59:48 | Scout Tower |
| 59:50 | Scout Tower |
| 59:51 | Scout Tower |
| 59:52 | Scout Tower |
| 60:26 | Guard Tower |
| 60:28 | Guard Tower |
| 60:32 | Guard Tower |
| 60:45 | Scout Tower |
| 60:46 | Scout Tower |
| 60:47 | Scout Tower |
| 62:17 | Scout Tower |
| 62:18 | Scout Tower |
| 62:19 | Scout Tower |
| 62:20 | Scout Tower |
| 62:20 | Scout Tower |
| 62:21 | Scout Tower |
| 62:22 | Scout Tower |
| 62:22 | Scout Tower |
| 62:23 | Scout Tower |
| 62:25 | Scout Tower |
| 62:26 | Scout Tower |
| 62:27 | Scout Tower |
| 63:07 | Lumber Mill |
| 63:28 | Scout Tower |
| 63:44 | Scout Tower |
| 63:47 | Scout Tower |
| 63:48 | Scout Tower |
| 63:49 | Scout Tower |
| 63:50 | Scout Tower |
| 64:15 | Guard Tower |
| 64:45 | Guard Tower |
| 65:36 | Guard Tower |
| 69:52 | Peasant |
| 69:52 | Peasant |
| 69:52 | Peasant |
| 69:52 | Peasant |
| 72:38 | Scout Tower |
| 72:38 | Scout Tower |
| 72:42 | Scout Tower |
| 72:42 | Scout Tower |
| 73:54 | Scout Tower |
| 73:55 | Scout Tower |
| 73:56 | Scout Tower |
| 73:58 | Scout Tower |
| 73:59 | Scout Tower |
| 74:00 | Scout Tower |
| 74:57 | Arcane Tower |
| Right click | 703 |
| Select | 524 |
| Minimap ping | 175 |
| Chat | 132 |
| Build/train/purchase | 114 |
| Resource trade | 82 |
| Use ability | 2 |
| Misc. action | 1 |


| Orb of Fire | 1 | 325 |
| Orb of Lightning | 2 | 750 |
| total: | 3 | 1075g |
| Peasant | 12 | 900 | / | 0 |
| Flying Machine | 95 | 9500 | / | 2850 |
| Dragonhawk Rider | 34 | 6800 | / | 1020 |
| Mortar Team | 6 | 1080 | / | 420 |
| total: | 147 | 18280g | / | 4290w |
| Scout Tower | 1 | 30 | / | 20 |
| Arcane Tower | 1 | 70 | / | 50 |
| Altar of Kings | 2 | 360 | / | 100 |
| Farm | 18 | 1440 | / | 360 |
| Lumber Mill | 2 | 240 | / | 0 |
| Blacksmith | 1 | 140 | / | 60 |
| Arcane Vault | 3 | 390 | / | 90 |
| Town Hall | 2 | 770 | / | 410 |
| Workshop | 2 | 280 | / | 280 |
| Gryphon Aviary | 1 | 140 | / | 150 |
| Keep | 3 | 960 | / | 630 |
| Castle | 1 | 360 | / | 210 |
| total: | 32 | 3790g | / | 1470w |
| 0:04 | Peasant |
| 0:04 | Peasant |
| 0:08 | Altar of Kings |
| 0:11 | Farm |
| 0:12 | Farm |
| 0:14 | Farm |
| 0:30 | Peasant |
| 0:47 | Peasant |
| 0:53 | Peasant |
| 1:03 | Lumber Mill |
| 1:08 | Scout Tower |
| 1:10 | Peasant |
| 1:10 | Peasant |
| 1:26 | Peasant |
| 1:26 | Peasant |
| 1:46 | Peasant |
| 1:48 | Arcane Tower |
| 2:17 | Peasant |
| 2:20 | Improved Lumber Harvesting |
| 2:20 | Improved Masonry |
| 2:30 | Peasant |
| 2:49 | Keep |
| 3:04 | Storm Bolt |
| 3:45 | Blacksmith |
| 3:48 | Farm |
| 3:49 | Farm |
| 5:04 | Black Gunpowder |
| 5:05 | Iron Plating |
| 5:08 | Farm |
| 5:09 | Farm |
| 5:14 | Workshop |
| 5:18 | Workshop |
| 5:23 | Farm |
| 5:26 | Castle |
| 6:11 | Refined Gunpowder |
| 6:18 | Flak Cannons |
| 6:21 | Flying Machine |
| 6:21 | Flying Machine |
| 6:30 | Advanced Masonry |
| 7:09 | Flying Machine |
| 7:19 | Holy Light |
| 7:37 | Flying Machine |
| 7:37 | Flying Machine |
| 7:41 | Gryphon Aviary |
| 7:50 | Imbued Masonry |
| 8:05 | Arcane Vault |
| 8:06 | Arcane Vault |
| 8:16 | Bash |
| 8:24 | Flying Machine Bombs |
| 8:24 | Flying Machine |
| 8:24 | Flying Machine |
| 8:24 | Flying Machine |
| 8:31 | Imbued Gunpowder |
| 8:36 | Steel Plating |
| 9:10 | Cloud |
| 9:14 | Fragmentation Shards |
| 9:15 | Flare |
| 9:16 | Flying Machine |
| 9:16 | Flying Machine |
| 9:16 | Flying Machine |
| 9:34 | Altar of Kings |
| 9:40 | Lumber Mill |
| 9:48 | Flying Machine |
| 9:49 | Flying Machine |
| 9:49 | Flying Machine |
| 10:26 | Flying Machine |
| 10:26 | Flying Machine |
| 10:26 | Flying Machine |
| 10:27 | Flying Machine |
| 10:27 | Flying Machine |
| 10:27 | Flying Machine |
| 10:30 | Farm |
| 10:36 | Farm |
| 10:41 | Farm |
| 10:43 | Farm |
| 10:50 | Orb of Fire |
| 11:17 | Mithril Plating |
| 11:28 | Flying Machine |
| 11:28 | Flying Machine |
| 11:28 | Flying Machine |
| 11:28 | Flying Machine |
| 11:28 | Flying Machine |
| 11:28 | Flying Machine |
| 11:28 | Flying Machine |
| 11:32 | Farm |
| 11:35 | Farm |
| 12:07 | Flying Machine |
| 12:07 | Flying Machine |
| 12:08 | Flying Machine |
| 12:22 | Dragonhawk Rider |
| 12:22 | Dragonhawk Rider |
| 17:25 | Flying Machine |
| 17:25 | Flying Machine |
| 17:25 | Flying Machine |
| 17:25 | Flying Machine |
| 17:26 | Flying Machine |
| 17:28 | Dragonhawk Rider |
| 17:28 | Dragonhawk Rider |
| 17:28 | Dragonhawk Rider |
| 17:28 | Dragonhawk Rider |
| 17:29 | Dragonhawk Rider |
| 17:31 | Studded Leather Armor |
| 18:10 | Farm |
| 18:12 | Farm |
| 24:01 | Dragonhawk Rider |
| 24:01 | Dragonhawk Rider |
| 25:13 | Flying Machine |
| 25:13 | Flying Machine |
| 25:13 | Flying Machine |
| 25:13 | Flying Machine |
| 25:13 | Flying Machine |
| 25:13 | Flying Machine |
| 25:13 | Flying Machine |
| 25:13 | Flying Machine |
| 25:16 | Dragonhawk Rider |
| 25:16 | Dragonhawk Rider |
| 25:17 | Dragonhawk Rider |
| 25:17 | Dragonhawk Rider |
| 25:17 | Dragonhawk Rider |
| 25:17 | Dragonhawk Rider |
| 26:10 | Flying Machine |
| 26:10 | Flying Machine |
| 26:10 | Flying Machine |
| 26:10 | Flying Machine |
| 28:15 | Flying Machine |
| 28:15 | Flying Machine |
| 28:15 | Flying Machine |
| 28:15 | Flying Machine |
| 28:15 | Flying Machine |
| 28:15 | Flying Machine |
| 28:20 | Farm |
| 28:21 | Farm |
| 29:39 | Storm Bolt |
| 29:53 | Flying Machine |
| 29:53 | Flying Machine |
| 29:53 | Flying Machine |
| 29:53 | Flying Machine |
| 29:54 | Flying Machine |
| 29:54 | Flying Machine |
| 34:49 | Holy Light |
| 35:01 | Flying Machine |
| 35:01 | Flying Machine |
| 35:01 | Flying Machine |
| 35:02 | Flying Machine |
| 35:02 | Flying Machine |
| 35:02 | Flying Machine |
| 35:32 | Flying Machine |
| 36:07 | Dragonhawk Rider |
| 36:07 | Dragonhawk Rider |
| 39:20 | Orb of Lightning |
| 39:20 | Orb of Lightning |
| 42:09 | Dragonhawk Rider |
| 42:09 | Dragonhawk Rider |
| 42:09 | Dragonhawk Rider |
| 42:10 | Dragonhawk Rider |
| 42:42 | Town Hall |
| 42:45 | Town Hall |
| 47:38 | Dragonhawk Rider |
| 47:38 | Dragonhawk Rider |
| 47:43 | Keep |
| 51:20 | Flying Machine |
| 51:21 | Flying Machine |
| 51:21 | Flying Machine |
| 51:21 | Flying Machine |
| 51:30 | Flying Machine |
| 51:30 | Flying Machine |
| 51:30 | Flying Machine |
| 51:30 | Flying Machine |
| 51:30 | Flying Machine |
| 52:33 | Arcane Vault |
| 52:55 | Bash |
| 53:11 | Bash |
| 53:26 | Flying Machine |
| 53:26 | Flying Machine |
| 53:26 | Flying Machine |
| 53:26 | Flying Machine |
| 53:26 | Flying Machine |
| 53:26 | Flying Machine |
| 53:52 | Dragonhawk Rider |
| 53:52 | Dragonhawk Rider |
| 53:52 | Dragonhawk Rider |
| 53:52 | Dragonhawk Rider |
| 53:52 | Dragonhawk Rider |
| 53:52 | Dragonhawk Rider |
| 53:52 | Dragonhawk Rider |
| 54:29 | Flying Machine |
| 54:29 | Flying Machine |
| 55:32 | Flying Machine |
| 55:32 | Flying Machine |
| 55:33 | Flying Machine |
| 55:33 | Flying Machine |
| 55:33 | Flying Machine |
| 55:33 | Flying Machine |
| 55:33 | Flying Machine |
| 55:33 | Flying Machine |
| 56:48 | Flying Machine |
| 56:49 | Flying Machine |
| 56:49 | Flying Machine |
| 56:49 | Flying Machine |
| 59:50 | Thunder Clap |
| 59:53 | Divine Shield |
| 62:21 | Dragonhawk Rider |
| 62:21 | Dragonhawk Rider |
| 63:34 | Devotion Aura |
| 68:15 | Devotion Aura |
| 69:01 | Thunder Clap |
| 70:58 | Dragonhawk Rider |
| 70:59 | Dragonhawk Rider |
| 71:02 | Mortar Team |
| 71:02 | Mortar Team |
| 71:02 | Mortar Team |
| 71:14 | Mortar Team |
| 71:36 | Thunder Clap |
| 74:01 | Mortar Team |
| 74:02 | Mortar Team |
| Right click | 5621 |
| Select group | 5490 |
| Select | 852 |
| Build/train/purchase | 225 |
| Use ability | 188 |
| Assign group | 91 |
| Minimap ping | 23 |
| Chat | 12 |
| Esc | 8 |
| Resource trade | 5 |
| Item give/drop | 1 |
DudeWhy
(236)
(75:05) : 

| Orb of Fire | 2 | 650 |
| Boots of Speed | 6 | 1500 |
| Orb of Lightning | 2 | 750 |
| Scroll of Speed | 1 | 50 |
| total: | 11 | 2950g |
| Peasant | 55 | 4125 | / | 0 |
| Mortar Team | 8 | 1440 | / | 560 |
| total: | 63 | 5565g | / | 560w |
| Scout Tower | 52 | 1560 | / | 1040 |
| Arcane Tower | 4 | 280 | / | 200 |
| Guard Tower | 16 | 1120 | / | 800 |
| Altar of Kings | 5 | 900 | / | 250 |
| Farm | 10 | 800 | / | 200 |
| Lumber Mill | 2 | 240 | / | 0 |
| Town Hall | 8 | 3080 | / | 1640 |
| Blacksmith | 2 | 280 | / | 120 |
| Arcane Vault | 2 | 260 | / | 60 |
| Workshop | 2 | 280 | / | 280 |
| Keep | 1 | 320 | / | 210 |
| Castle | 1 | 360 | / | 210 |
| total: | 83 | 7400g | / | 3590w |
| 0:02 | Peasant |
| 0:04 | Altar of Kings |
| 0:12 | Peasant |
| 0:18 | Farm |
| 0:34 | Lumber Mill |
| 0:35 | Peasant |
| 0:37 | Peasant |
| 0:41 | Peasant |
| 0:54 | Peasant |
| 0:56 | Farm |
| 1:09 | Peasant |
| 1:18 | Peasant |
| 1:24 | Peasant |
| 1:31 | Farm |
| 1:33 | Scout Tower |
| 1:34 | Scout Tower |
| 1:38 | Improved Lumber Harvesting |
| 1:53 | Peasant |
| 2:03 | Arcane Tower |
| 2:03 | Peasant |
| 2:07 | Storm Bolt |
| 2:13 | Peasant |
| 2:18 | Scout Tower |
| 3:00 | Guard Tower |
| 3:17 | Town Hall |
| 3:23 | Scout Tower |
| 3:33 | Peasant |
| 3:35 | Scout Tower |
| 3:39 | Peasant |
| 3:53 | Scout Tower |
| 3:54 | Guard Tower |
| 3:59 | Peasant |
| 4:08 | Guard Tower |
| 4:19 | Guard Tower |
| 4:22 | Scout Tower |
| 4:26 | Peasant |
| 4:32 | Peasant |
| 5:00 | Guard Tower |
| 5:02 | Scout Tower |
| 5:04 | Keep |
| 5:08 | Peasant |
| 5:09 | Scout Tower |
| 5:12 | Scout Tower |
| 5:25 | Scout Tower |
| 5:26 | Scout Tower |
| 5:30 | Peasant |
| 5:30 | Peasant |
| 5:36 | Guard Tower |
| 5:47 | Bash |
| 5:54 | Scout Tower |
| 5:59 | Guard Tower |
| 6:09 | Peasant |
| 6:13 | Guard Tower |
| 6:19 | Scout Tower |
| 6:21 | Scout Tower |
| 6:22 | Scout Tower |
| 6:24 | Guard Tower |
| 6:57 | Bash |
| 7:26 | Castle |
| 7:28 | Guard Tower |
| 7:32 | Blacksmith |
| 7:36 | Blacksmith |
| 8:31 | Black Gunpowder |
| 8:34 | Workshop |
| 8:35 | Workshop |
| 9:03 | Holy Light |
| 9:38 | Refined Gunpowder |
| 9:39 | Iron Plating |
| 9:42 | Scout Tower |
| 9:43 | Scout Tower |
| 9:44 | Scout Tower |
| 9:45 | Scout Tower |
| 9:46 | Scout Tower |
| 9:47 | Scout Tower |
| 9:48 | Scout Tower |
| 10:40 | Guard Tower |
| 10:44 | Scout Tower |
| 10:45 | Scout Tower |
| 10:45 | Scout Tower |
| 10:46 | Scout Tower |
| 10:48 | Fragmentation Shards |
| 10:48 | Flare |
| 11:40 | Guard Tower |
| 11:44 | Scout Tower |
| 11:44 | Scout Tower |
| 11:47 | Guard Tower |
| 11:48 | Advanced Lumber Harvesting |
| 11:49 | Improved Masonry |
| 11:55 | Mortar Team |
| 12:34 | Arcane Tower |
| 12:36 | Scout Tower |
| 12:37 | Scout Tower |
| 12:38 | Scout Tower |
| 12:40 | Arcane Tower |
| 12:44 | Scout Tower |
| 12:50 | Scout Tower |
| 12:51 | Scout Tower |
| 13:02 | Farm |
| 13:03 | Farm |
| 13:29 | Guard Tower |
| 13:57 | Scout Tower |
| 14:03 | Scout Tower |
| 14:05 | Arcane Tower |
| 14:06 | Guard Tower |
| 14:41 | Divine Shield |
| 15:04 | Divine Shield |
| 15:08 | Guard Tower |
| 15:15 | Town Hall |
| 15:23 | Mortar Team |
| 15:29 | Advanced Masonry |
| 15:36 | Lumber Mill |
| 15:38 | Storm Bolt |
| 15:39 | Storm Bolt |
| 15:40 | Storm Bolt |
| 15:43 | Divine Shield |
| 18:30 | Farm |
| 18:31 | Farm |
| 19:39 | Holy Light |
| 19:41 | Holy Light |
| 20:10 | Peasant |
| 20:10 | Peasant |
| 20:10 | Peasant |
| 20:11 | Peasant |
| 20:11 | Peasant |
| 20:15 | Peasant |
| 20:17 | Town Hall |
| 20:33 | Bash |
| 21:12 | Peasant |
| 21:22 | Holy Light |
| 21:36 | Imbued Masonry |
| 21:40 | Imbued Gunpowder |
| 21:46 | Peasant |
| 21:46 | Peasant |
| 22:13 | Bash |
| 22:41 | Town Hall |
| 22:45 | Scout Tower |
| 22:45 | Scout Tower |
| 22:46 | Scout Tower |
| 22:47 | Scout Tower |
| 22:47 | Scout Tower |
| 22:48 | Scout Tower |
| 22:49 | Scout Tower |
| 22:49 | Scout Tower |
| 22:50 | Scout Tower |
| 23:31 | Bash |
| 23:37 | Peasant |
| 23:37 | Peasant |
| 23:37 | Peasant |
| 23:39 | Peasant |
| 26:19 | Peasant |
| 26:19 | Peasant |
| 26:19 | Peasant |
| 26:19 | Peasant |
| 27:30 | Town Hall |
| 28:04 | Divine Shield |
| 29:44 | Storm Bolt |
| 29:45 | Storm Bolt |
| 29:49 | Peasant |
| 30:25 | Divine Shield |
| 30:26 | Divine Shield |
| 33:18 | Steel Plating |
| 33:19 | Studded Leather Armor |
| 34:42 | Peasant |
| 34:42 | Peasant |
| 34:42 | Peasant |
| 34:42 | Peasant |
| 34:55 | Peasant |
| 34:55 | Peasant |
| 34:55 | Peasant |
| 34:56 | Peasant |
| 34:56 | Peasant |
| 36:42 | Town Hall |
| 36:44 | Town Hall |
| 38:30 | Peasant |
| 38:30 | Peasant |
| 38:30 | Peasant |
| 38:51 | Holy Light |
| 38:53 | Holy Light |
| 39:10 | Boots of Speed |
| 39:11 | Boots of Speed |
| 41:53 | Avatar |
| 41:54 | Avatar |
| 42:04 | Mortar Team |
| 42:28 | Arcane Vault |
| 42:30 | Arcane Vault |
| 43:06 | Peasant |
| 43:06 | Peasant |
| 43:06 | Peasant |
| 43:07 | Peasant |
| 43:21 | Avatar |
| 43:43 | Orb of Fire |
| 43:44 | Orb of Fire |
| 44:35 | Town Hall |
| 44:44 | Reinforced Leather Armor |
| 44:45 | Mithril Plating |
| 44:49 | Orb of Lightning |
| 45:03 | Scout Tower |
| 45:03 | Scout Tower |
| 45:04 | Scout Tower |
| 45:05 | Scout Tower |
| 45:06 | Scout Tower |
| 45:07 | Scout Tower |
| 45:11 | Boots of Speed |
| 45:15 | Boots of Speed |
| 47:53 | Boots of Speed |
| 47:54 | Boots of Speed |
| 48:21 | Scroll of Speed |
| 50:23 | Resurrection |
| 50:30 | Resurrection |
| 51:03 | Altar of Kings |
| 51:04 | Altar of Kings |
| 51:05 | Altar of Kings |
| 51:26 | Altar of Kings |
| 52:51 | Farm |
| 52:55 | Farm |
| 53:15 | Bash |
| 55:58 | Resurrection |
| 56:32 | Thunder Clap |
| 56:33 | Thunder Clap |
| 56:38 | Divine Shield |
| 59:48 | Divine Shield |
| 60:39 | Orb of Lightning |
| 66:29 | Mortar Team |
| 66:29 | Mortar Team |
| 66:30 | Mortar Team |
| 69:11 | Thunder Clap |
| 71:36 | Mortar Team |
| 71:46 | Farm |
| 73:55 | Mortar Team |
| 74:28 | Devotion Aura |
| 74:29 | Devotion Aura |
| Right click | 3540 |
| Select group | 1316 |
| Select | 624 |
| Use ability | 331 |
| Misc. action | 213 |
| Build/train/purchase | 196 |
| Resource trade | 137 |
| Minimap ping | 48 |
| Assign group | 18 |
| Item give/drop | 11 |
| Esc | 4 |
343 units @ 52.3k
/ 9.8k
234 buildings @ 23.3k
/ 12.6k


| Orb of Venom | 2 | 650 |
| Potion of Healing | 2 | 300 |
| Scroll of Town Portal | 1 | 350 |
| Circlet of Nobility | 1 | 175 |
| total: | 6 | 1475g |
| Wisp | 28 | 1680 | / | 0 |
| Archer | 9 | 1170 | / | 90 |
| Dryad | 9 | 1305 | / | 540 |
| Mountain Giant | 2 | 700 | / | 200 |
| Druid of the Claw | 2 | 510 | / | 160 |
| Hippogryph | 14 | 2240 | / | 280 |
| total: | 64 | 7605g | / | 1270w |
| Ancient Protector | 4 | 540 | / | 320 |
| Ancient of War | 2 | 300 | / | 120 |
| Altar of Elders | 1 | 180 | / | 50 |
| Moon Well | 6 | 1080 | / | 240 |
| Hunter's Hall | 1 | 210 | / | 100 |
| Tree of Life | 2 | 680 | / | 370 |
| Ancient of Wonders | 1 | 90 | / | 30 |
| Ancient of Lore | 2 | 310 | / | 290 |
| Ancient of Wind | 3 | 450 | / | 420 |
| Tree of Ages | 3 | 960 | / | 540 |
| Tree of Eternity | 2 | 660 | / | 400 |
| total: | 22 | 3840g | / | 1940w |
| 0:03 | Wisp |
| 0:03 | Wisp |
| 0:04 | Wisp |
| 0:13 | Ancient of War |
| 0:20 | Altar of Elders |
| 0:33 | Moon Well |
| 0:35 | Wisp |
| 0:47 | Wisp |
| 0:50 | Wisp |
| 1:16 | Wisp |
| 1:27 | Archer |
| 1:28 | Archer |
| 1:49 | Moon Well |
| 2:19 | Hunter's Hall |
| 2:26 | Evasion |
| 2:34 | Moon Well |
| 2:40 | Archer |
| 2:49 | Wisp |
| 2:49 | Wisp |
| 2:50 | Wisp |
| 3:04 | Archer |
| 3:19 | Archer |
| 3:22 | Wisp |
| 3:55 | Mana Burn |
| 4:00 | Tree of Life |
| 4:11 | Wisp |
| 4:14 | Ancient Protector |
| 4:24 | Ancient Protector |
| 4:31 | Wisp |
| 4:42 | Wisp |
| 5:08 | Tree of Ages |
| 5:28 | Ultravision |
| 5:35 | Moon Well |
| 5:39 | Ancient of Wonders |
| 5:55 | Evasion |
| 6:04 | Wisp |
| 6:04 | Wisp |
| 6:05 | Wisp |
| 6:05 | Wisp |
| 6:05 | Wisp |
| 6:20 | Circlet of Nobility |
| 6:38 | Moon Well |
| 7:54 | Ancient of Lore |
| 8:03 | Ancient of Lore |
| 8:38 | Trueshot Aura |
| 9:37 | Mana Burn |
| 9:41 | Dryad |
| 9:43 | Dryad |
| 9:44 | Reinforced Hides |
| 9:44 | Strength of the Wild |
| 9:52 | Nature's Blessing |
| 9:55 | Tree of Eternity |
| 9:56 | Tree of Ages |
| 10:28 | Mountain Giant |
| 11:16 | Searing Arrows |
| 11:32 | Improved Reinforced Hides |
| 12:04 | Improved Strength of the Wild |
| 12:05 | Abolish Magic |
| 12:34 | Well Spring |
| 12:38 | Wisp |
| 12:39 | Wisp |
| 12:39 | Wisp |
| 12:56 | Wisp |
| 13:25 | Hardened Skin |
| 14:20 | Dryad |
| 14:20 | Dryad |
| 14:31 | Wisp |
| 14:32 | Wisp |
| 15:25 | Advanced Reinforced Hides |
| 15:33 | Moon Well |
| 16:12 | Advanced Strength of the Wild |
| 16:37 | Orb of Venom |
| 16:40 | Potion of Healing |
| 16:44 | Potion of Healing |
| 16:56 | Resistant Skin |
| 17:03 | Druid of the Claw Adept Training |
| 18:02 | Dryad |
| 18:02 | Dryad |
| 18:22 | Dryad |
| 18:22 | Dryad |
| 18:22 | Dryad |
| 18:53 | Tree of Life |
| 19:02 | Druid of the Claw |
| 19:03 | Druid of the Claw Master Training |
| 19:05 | Druid of the Claw |
| 19:12 | Scroll of Town Portal |
| 19:12 | Orb of Venom |
| 19:19 | Mountain Giant |
| 20:53 | Ancient Protector |
| 20:54 | Ancient Protector |
| 21:31 | Ancient of Wind |
| 21:32 | Ancient of Wind |
| 21:32 | Ancient of Wind |
| 21:58 | Wisp |
| 21:59 | Wisp |
| 21:59 | Wisp |
| 22:40 | Hippogryph |
| 22:40 | Hippogryph |
| 22:40 | Hippogryph |
| 22:40 | Hippogryph |
| 22:43 | Strength of the Moon |
| 23:04 | Hippogryph |
| 23:04 | Hippogryph |
| 23:04 | Hippogryph |
| 23:04 | Hippogryph |
| 23:07 | Hippogryph |
| 23:07 | Hippogryph |
| 23:07 | Hippogryph |
| 24:35 | Tree of Ages |
| 24:39 | Trueshot Aura |
| 25:57 | Archer |
| 25:57 | Archer |
| 25:57 | Archer |
| 25:57 | Archer |
| 25:59 | Moon Armor |
| 27:05 | Tree of Eternity |
| 27:14 | Ancient of War |
| 27:28 | Improved Strength of the Moon |
| 27:55 | Improved Bows |
| 28:34 | Improved Moon Armor |
| 29:13 | Hippogryph |
| 29:13 | Hippogryph |
| 29:13 | Hippogryph |
| 29:28 | Marksmanship |
| Right click | 808 |
| Select | 519 |
| Select group | 164 |
| Build/train/purchase | 135 |
| Use ability | 37 |
| Assign group | 23 |
| Misc. action | 17 |
| Esc | 10 |
| Remove unit | 6 |
| Item give/drop | 3 |

| Healing Salve | 4 | 400 |
| Lesser Clarity Potion | 3 | 210 |
| Scroll of Speed | 1 | 50 |
| Potion of Healing | 4 | 600 |
| Orb of Lightning | 1 | 375 |
| Potion of Mana | 4 | 800 |
| Tiny Great Hall | 1 | 600 |
| Scroll of Healing | 2 | 500 |
| Scroll of Town Portal | 4 | 1400 |
| Dust of Appearance | 1 | 75 |
| Boots of Speed | 2 | 500 |
| Potion of Lesser Invulnerability | 3 | 450 |
| total: | 30 | 5960g |
| Peon | 22 | 1650 | / | 0 |
| Grunt | 6 | 1200 | / | 0 |
| Tauren | 2 | 560 | / | 160 |
| Troll Batrider | 48 | 7680 | / | 1920 |
| Troll Headhunter | 6 | 840 | / | 120 |
| Troll Berserker | 10 | 1400 | / | 200 |
| Hippogryph | 15 | 2400 | / | 300 |
| Archer | 14 | 1820 | / | 140 |
| total: | 123 | 17550g | / | 2840w |
| Watch Tower | 11 | 1210 | / | 880 |
| Altar of Storms | 1 | 180 | / | 50 |
| Orc Burrow | 5 | 800 | / | 200 |
| Barracks | 2 | 360 | / | 100 |
| Voodoo Lounge | 1 | 130 | / | 30 |
| Great Hall | 6 | 2310 | / | 1110 |
| War Mill | 1 | 205 | / | 0 |
| Tauren Totem | 2 | 270 | / | 310 |
| Beastiary | 3 | 435 | / | 420 |
| Stronghold | 4 | 1260 | / | 760 |
| Fortress | 4 | 1300 | / | 760 |
| Ancient of Wind | 2 | 300 | / | 280 |
| total: | 34 | 6200g | / | 3380w |
| 0:05 | Peon |
| 0:05 | Peon |
| 0:10 | Altar of Storms |
| 0:22 | Orc Burrow |
| 0:25 | Peon |
| 0:36 | Barracks |
| 0:44 | Peon |
| 0:58 | Peon |
| 1:22 | Peon |
| 1:30 | Orc Burrow |
| 1:38 | Grunt |
| 1:53 | Voodoo Lounge |
| 2:00 | Peon |
| 2:12 | Peon |
| 2:16 | Shockwave |
| 2:26 | Grunt |
| 2:34 | Peon |
| 2:54 | Grunt |
| 3:27 | Endurance Aura |
| 3:31 | Great Hall |
| 3:50 | Healing Salve |
| 3:51 | Lesser Clarity Potion |
| 3:51 | Scroll of Speed |
| 3:59 | Peon |
| 4:15 | Orc Burrow |
| 4:33 | Barracks |
| 5:01 | Stronghold |
| 5:42 | Great Hall |
| 5:54 | Healing Salve |
| 5:55 | Lesser Clarity Potion |
| 6:03 | Grunt |
| 6:09 | Peon |
| 6:09 | Peon |
| 6:11 | Peon |
| 6:30 | Peon |
| 6:31 | Peon |
| 6:32 | Pillage |
| 6:36 | Shockwave |
| 6:43 | War Mill |
| 7:02 | Orc Burrow |
| 7:26 | Berserker Strength |
| 7:32 | Tauren Totem |
| 7:35 | Tauren Totem |
| 7:45 | Peon |
| 7:45 | Peon |
| 7:58 | Peon |
| 8:09 | Steel Melee Weapons |
| 8:24 | Boots of Speed |
| 8:25 | Potion of Lesser Invulnerability |
| 8:25 | Scroll of Healing |
| 8:33 | Grunt |
| 8:42 | Fortress |
| 8:51 | Steel Armor |
| 9:32 | Watch Tower |
| 9:37 | Watch Tower |
| 9:46 | Healing Salve |
| 9:56 | Scroll of Town Portal |
| 10:01 | Grunt |
| 10:09 | Thorium Melee Weapons |
| 10:11 | Peon |
| 10:11 | Peon |
| 10:12 | Peon |
| 10:12 | Peon |
| 10:29 | Watch Tower |
| 10:45 | Watch Tower |
| 11:23 | Orc Burrow |
| 11:25 | Thorium Armor |
| 11:36 | Tauren |
| 11:51 | Watch Tower |
| 11:58 | Watch Tower |
| 12:30 | Tauren |
| 12:34 | Endurance Aura |
| 12:47 | Spiked Barricades |
| 13:24 | Pulverize |
| 13:54 | Beastiary |
| 15:33 | Troll Batrider |
| 15:33 | Troll Batrider |
| 15:34 | Troll Batrider |
| 15:35 | Troll Batrider |
| 15:35 | Troll Batrider |
| 15:40 | Great Hall |
| 15:48 | Stronghold |
| 17:26 | Troll Batrider |
| 17:31 | Stronghold |
| 17:44 | Endurance Aura |
| 18:21 | Improved Spiked Barricades |
| 18:24 | Stronghold |
| 18:28 | Fortress |
| 19:21 | Troll Regeneration |
| 20:01 | Troll Headhunter |
| 20:02 | Troll Headhunter |
| 20:08 | Troll Batrider |
| 20:08 | Troll Batrider |
| 20:52 | Fortress |
| 20:54 | Beastiary |
| 20:56 | Beastiary |
| 21:04 | Troll Headhunter |
| 21:11 | Troll Headhunter |
| 21:37 | Fortress |
| 21:51 | Great Hall |
| 22:17 | Troll Batrider |
| 22:19 | Troll Batrider |
| 22:20 | Troll Batrider |
| 22:25 | Troll Batrider |
| 22:38 | Troll Headhunter |
| 22:50 | Watch Tower |
| 23:45 | Troll Headhunter |
| 23:58 | Potion of Healing |
| 23:58 | Orb of Lightning |
| 23:59 | Potion of Mana |
| 24:01 | Tiny Great Hall |
| 24:49 | Liquid Fire |
| 24:51 | Troll Batrider |
| 24:51 | Troll Batrider |
| 24:51 | Troll Batrider |
| 24:57 | Berserker Upgrade |
| 25:50 | Troll Batrider |
| 26:05 | Healing Salve |
| 26:05 | Lesser Clarity Potion |
| 26:16 | Potion of Healing |
| 26:17 | Potion of Healing |
| 26:19 | Scroll of Town Portal |
| 26:21 | Potion of Mana |
| 26:37 | Troll Batrider |
| 26:39 | Troll Berserker |
| 26:58 | Steel Ranged Weapons |
| 27:01 | Reinforced Defenses |
| 27:27 | Arcanite Armor |
| 28:33 | Reincarnation |
| 29:21 | Troll Berserker |
| 29:21 | Troll Berserker |
| 29:22 | Troll Batrider |
| 29:22 | Troll Batrider |
| 29:22 | Troll Batrider |
| 29:22 | Troll Batrider |
| 29:23 | Troll Berserker |
| 29:23 | Troll Berserker |
| 30:12 | Scroll of Town Portal |
| 30:12 | Potion of Healing |
| 30:39 | Potion of Lesser Invulnerability |
| 31:26 | Shockwave |
| 32:35 | Troll Batrider |
| 32:35 | Troll Batrider |
| 33:10 | Troll Batrider |
| 33:10 | Troll Batrider |
| 33:11 | Troll Batrider |
| 33:11 | Troll Batrider |
| 33:56 | Troll Batrider |
| 33:57 | Troll Batrider |
| 33:58 | Troll Batrider |
| 34:15 | Troll Batrider |
| 36:37 | Thorium Ranged Weapons |
| 37:56 | Troll Batrider |
| 37:57 | Troll Batrider |
| 37:57 | Troll Batrider |
| 37:57 | Troll Batrider |
| 38:27 | Troll Batrider |
| 39:21 | Ancient of Wind |
| 39:30 | Ancient of Wind |
| 40:36 | Hippogryph |
| 41:08 | Hippogryph |
| 41:08 | Hippogryph |
| 41:15 | Archer |
| 41:15 | Archer |
| 41:19 | Archer |
| 41:19 | Archer |
| 41:21 | Hippogryph |
| 41:21 | Hippogryph |
| 42:01 | Troll Batrider |
| 42:01 | Troll Batrider |
| 42:02 | Troll Batrider |
| 42:37 | Strength of the Moon |
| 42:38 | Moon Armor |
| 43:42 | Hippogryph |
| 43:47 | Hippogryph |
| 43:49 | Archer |
| 43:52 | Troll Batrider |
| 43:53 | Troll Batrider |
| 44:33 | Archer |
| 46:24 | Troll Batrider |
| 46:25 | Arcanite Ranged Weapons |
| 46:30 | Hippogryph |
| 46:30 | Hippogryph |
| 46:32 | Archer |
| 46:32 | Archer |
| 47:25 | Troll Berserker |
| 48:03 | Great Hall |
| 48:16 | Watch Tower |
| 48:16 | Watch Tower |
| 48:17 | Watch Tower |
| 48:17 | Watch Tower |
| 49:45 | Troll Batrider |
| 49:46 | Troll Berserker |
| 49:46 | Troll Berserker |
| 50:08 | War Stomp |
| 50:16 | Hippogryph |
| 50:16 | Hippogryph |
| 50:16 | Hippogryph |
| 50:18 | Archer |
| 50:57 | Great Hall |
| 51:37 | Troll Batrider |
| 51:37 | Troll Batrider |
| 51:38 | Troll Berserker |
| 51:38 | Troll Berserker |
| 51:41 | Hippogryph |
| 51:41 | Hippogryph |
| 51:53 | Archer |
| 51:53 | Archer |
| 51:53 | Archer |
| 51:53 | Archer |
| 51:54 | Archer |
| 52:47 | Hippogryph |
| 53:34 | Dust of Appearance |
| 53:35 | Boots of Speed |
| 53:46 | Potion of Lesser Invulnerability |
| 53:47 | Scroll of Healing |
| 54:33 | Troll Batrider |
| 54:34 | Troll Batrider |
| 54:34 | Troll Batrider |
| 57:27 | Potion of Mana |
| 57:28 | Scroll of Town Portal |
| 57:29 | Potion of Mana |
| Right click | 2062 |
| Select group | 1371 |
| Select | 847 |
| Assign group | 495 |
| Build/train/purchase | 283 |
| Misc. action | 210 |
| Use ability | 145 |
| Chat | 66 |
| Minimap ping | 63 |
| Item give/drop | 8 |
| Remove unit | 4 |
팀킬방지위원회
(2)
(75:00) : 

| Scroll of Regeneration | 2 | 200 |
| Staff of Sanctuary | 1 | 250 |
| Potion of Mana | 2 | 400 |
| Orb of Fire | 1 | 325 |
| Scroll of Town Portal | 12 | 4200 |
| Boots of Speed | 2 | 500 |
| Orb of Lightning | 2 | 750 |
| total: | 22 | 6625g |
| Peasant | 35 | 2625 | / | 0 |
| Footman | 4 | 540 | / | 0 |
| Gryphon Rider | 45 | 12600 | / | 3150 |
| Tauren | 2 | 560 | / | 160 |
| Troll Berserker | 3 | 420 | / | 60 |
| total: | 89 | 16745g | / | 3370w |
| Scout Tower | 92 | 2760 | / | 1840 |
| Arcane Tower | 3 | 210 | / | 150 |
| Guard Tower | 37 | 2590 | / | 1850 |
| Farm | 11 | 880 | / | 220 |
| Barracks | 1 | 160 | / | 60 |
| Altar of Kings | 1 | 180 | / | 50 |
| Town Hall | 5 | 1925 | / | 1025 |
| Lumber Mill | 1 | 120 | / | 0 |
| Arcane Vault | 2 | 260 | / | 60 |
| Blacksmith | 2 | 280 | / | 120 |
| Gryphon Aviary | 6 | 840 | / | 900 |
| Keep | 1 | 320 | / | 210 |
| Castle | 2 | 720 | / | 420 |
| Altar of Elders | 1 | 180 | / | 50 |
| Fortress | 2 | 650 | / | 380 |
| total: | 122 | 7585g | / | 4325w |
| 0:05 | Peasant |
| 0:05 | Peasant |
| 0:05 | Peasant |
| 0:25 | Farm |
| 0:31 | Peasant |
| 0:36 | Farm |
| 0:41 | Barracks |
| 0:46 | Peasant |
| 0:55 | Altar of Kings |
| 0:59 | Peasant |
| 1:08 | Peasant |
| 1:08 | Peasant |
| 1:20 | Peasant |
| 1:40 | Farm |
| 1:43 | Footman |
| 1:59 | Footman |
| 2:02 | Farm |
| 2:20 | Peasant |
| 2:22 | Footman |
| 2:47 | Peasant |
| 2:51 | Footman |
| 2:52 | Peasant |
| 2:56 | Holy Light |
| 3:02 | Defend |
| 3:15 | Peasant |
| 4:02 | Town Hall |
| 4:13 | Lumber Mill |
| 4:16 | Arcane Vault |
| 4:19 | Scout Tower |
| 4:21 | Scout Tower |
| 4:22 | Scout Tower |
| 4:24 | Scout Tower |
| 4:28 | Peasant |
| 4:55 | Arcane Tower |
| 5:03 | Guard Tower |
| 5:13 | Improved Lumber Harvesting |
| 5:13 | Advanced Lumber Harvesting |
| 5:38 | Keep |
| 5:57 | Scout Tower |
| 5:58 | Scout Tower |
| 6:14 | Boots of Speed |
| 6:22 | Scout Tower |
| 6:24 | Scout Tower |
| 6:25 | Scout Tower |
| 6:35 | Divine Shield |
| 6:35 | Holy Light |
| 6:46 | Guard Tower |
| 7:05 | Guard Tower |
| 7:28 | Farm |
| 8:01 | Peasant |
| 8:01 | Peasant |
| 8:06 | Guard Tower |
| 8:18 | Castle |
| 8:24 | Scout Tower |
| 8:26 | Scout Tower |
| 8:35 | Farm |
| 8:37 | Scout Tower |
| 8:41 | Scout Tower |
| 8:50 | Farm |
| 9:00 | Improved Masonry |
| 9:03 | Peasant |
| 9:03 | Peasant |
| 9:03 | Peasant |
| 9:03 | Peasant |
| 9:04 | Peasant |
| 9:04 | Peasant |
| 9:04 | Peasant |
| 9:04 | Peasant |
| 9:09 | Blacksmith |
| 9:10 | Blacksmith |
| 9:21 | Arcane Tower |
| 9:22 | Arcane Tower |
| 9:59 | Chemical Rage |
| 10:05 | Guard Tower |
| 10:08 | Peasant |
| 10:08 | Peasant |
| 10:09 | Peasant |
| 10:09 | Peasant |
| 10:09 | Peasant |
| 10:13 | Farm |
| 10:14 | Farm |
| 10:26 | Peasant |
| 10:27 | Peasant |
| 10:44 | Gryphon Aviary |
| 10:47 | Gryphon Aviary |
| 11:12 | Animal War Training |
| 11:17 | Peasant |
| 11:17 | Peasant |
| 11:17 | Peasant |
| 11:18 | Peasant |
| 11:32 | Farm |
| 11:33 | Farm |
| 11:37 | Iron Forged Swords |
| 11:37 | Steel Forged Swords |
| 11:54 | Advanced Masonry |
| 12:00 | Orb of Lightning |
| 12:09 | Storm Hammers |
| 12:10 | Cloud |
| 12:24 | Gryphon Rider |
| 12:37 | Gryphon Rider |
| 13:01 | Gryphon Rider |
| 13:15 | Gryphon Rider |
| 13:22 | Imbued Masonry |
| 13:57 | Town Hall |
| 14:23 | Gryphon Rider |
| 14:24 | Gryphon Rider |
| 14:43 | Gryphon Rider |
| 15:06 | Mithril Forged Swords |
| 15:34 | Gryphon Rider |
| 15:52 | Gryphon Rider |
| 16:15 | Gryphon Rider |
| 16:43 | Gryphon Rider |
| 16:58 | Scroll of Regeneration |
| 17:01 | Healing Spray |
| 17:06 | Gryphon Rider |
| 17:26 | Scroll of Town Portal |
| 17:26 | Staff of Sanctuary |
| 17:53 | Studded Leather Armor |
| 17:53 | Reinforced Leather Armor |
| 19:06 | Devotion Aura |
| 19:13 | Town Hall |
| 19:17 | Scout Tower |
| 19:18 | Scout Tower |
| 19:19 | Scout Tower |
| 19:19 | Scout Tower |
| 19:21 | Scout Tower |
| 19:22 | Scout Tower |
| 19:23 | Scout Tower |
| 19:23 | Scout Tower |
| 19:24 | Scout Tower |
| 19:25 | Scout Tower |
| 19:26 | Scout Tower |
| 19:26 | Scout Tower |
| 19:27 | Scout Tower |
| 19:28 | Scout Tower |
| 19:29 | Scout Tower |
| 19:30 | Scout Tower |
| 19:31 | Scout Tower |
| 19:31 | Scout Tower |
| 19:32 | Scout Tower |
| 19:33 | Scout Tower |
| 19:56 | Chemical Rage |
| 20:00 | Gryphon Rider |
| 20:25 | Guard Tower |
| 21:01 | Guard Tower |
| 21:42 | Dragonhide Armor |
| 21:46 | Guard Tower |
| 22:21 | Gryphon Rider |
| 22:28 | Town Hall |
| 23:01 | Gryphon Rider |
| 23:24 | Scroll of Town Portal |
| 23:36 | Scout Tower |
| 23:38 | Scout Tower |
| 23:39 | Scout Tower |
| 23:41 | Scout Tower |
| 23:42 | Scout Tower |
| 23:44 | Scout Tower |
| 23:45 | Scout Tower |
| 23:45 | Scout Tower |
| 23:47 | Scout Tower |
| 23:47 | Scout Tower |
| 23:48 | Scout Tower |
| 24:07 | Guard Tower |
| 24:27 | Guard Tower |
| 24:32 | Guard Tower |
| 24:56 | Healing Spray |
| 24:58 | Guard Tower |
| 25:32 | Guard Tower |
| 25:34 | Scout Tower |
| 25:35 | Scout Tower |
| 25:36 | Scout Tower |
| 25:37 | Scout Tower |
| 25:38 | Scout Tower |
| 25:38 | Scout Tower |
| 25:39 | Scout Tower |
| 25:42 | Scout Tower |
| 25:42 | Scout Tower |
| 25:43 | Scout Tower |
| 25:43 | Scout Tower |
| 25:44 | Scout Tower |
| 25:45 | Scout Tower |
| 25:46 | Scout Tower |
| 25:47 | Scout Tower |
| 25:48 | Scout Tower |
| 25:49 | Scout Tower |
| 25:49 | Scout Tower |
| 26:27 | Guard Tower |
| 26:52 | Scout Tower |
| 26:53 | Scout Tower |
| 26:54 | Scout Tower |
| 26:56 | Scout Tower |
| 26:56 | Scout Tower |
| 26:58 | Scout Tower |
| 26:59 | Scout Tower |
| 27:00 | Scout Tower |
| 27:01 | Scout Tower |
| 27:02 | Scout Tower |
| 27:06 | Scout Tower |
| 27:07 | Scout Tower |
| 27:35 | Guard Tower |
| 27:37 | Gryphon Rider |
| 27:44 | Scout Tower |
| 27:44 | Scout Tower |
| 27:46 | Guard Tower |
| 27:48 | Scout Tower |
| 27:51 | Scout Tower |
| 27:55 | Scout Tower |
| 27:57 | Scout Tower |
| 27:58 | Scout Tower |
| 28:00 | Scout Tower |
| 28:01 | Scout Tower |
| 28:07 | Scroll of Town Portal |
| 28:45 | Gryphon Rider |
| 28:53 | Guard Tower |
| 28:58 | Scout Tower |
| 28:59 | Scout Tower |
| 29:02 | Scout Tower |
| 29:05 | Scout Tower |
| 29:08 | Scout Tower |
| 29:11 | Scout Tower |
| 29:16 | Scout Tower |
| 29:20 | Guard Tower |
| 29:27 | Scout Tower |
| 29:29 | Scout Tower |
| 29:30 | Guard Tower |
| 29:57 | Guard Tower |
| 30:03 | Guard Tower |
| 30:30 | Guard Tower |
| 31:07 | Chemical Rage |
| 31:39 | Holy Light |
| 31:52 | Guard Tower |
| 32:19 | Gryphon Rider |
| 33:22 | Scroll of Town Portal |
| 34:35 | Gryphon Rider |
| 35:03 | Gryphon Rider |
| 35:29 | Gryphon Rider |
| 35:56 | Gryphon Aviary |
| 36:02 | Gryphon Aviary |
| 36:04 | Gryphon Aviary |
| 36:05 | Gryphon Aviary |
| 36:27 | Arcane Vault |
| 37:30 | Gryphon Rider |
| 37:39 | Scroll of Town Portal |
| 37:40 | Potion of Mana |
| 37:42 | Potion of Mana |
| 38:02 | Gryphon Rider |
| 38:17 | Gryphon Rider |
| 39:50 | Gryphon Rider |
| 40:30 | Scroll of Town Portal |
| 40:38 | Orb of Fire |
| 41:39 | Gryphon Rider |
| 41:55 | Scroll of Town Portal |
| 43:48 | Gryphon Rider |
| 45:06 | Scroll of Town Portal |
| 47:41 | Town Hall |
| 49:44 | Gryphon Rider |
| 49:44 | Gryphon Rider |
| 50:12 | Gryphon Rider |
| 50:27 | Resurrection |
| 50:56 | Scroll of Town Portal |
| 51:59 | Gryphon Rider |
| 52:26 | Scroll of Regeneration |
| 53:18 | Transmute |
| 54:01 | Gryphon Rider |
| 54:32 | Gryphon Rider |
| 55:06 | Gryphon Rider |
| 55:40 | Divine Shield |
| 55:53 | Gryphon Rider |
| 56:19 | Gryphon Rider |
| 56:41 | Gryphon Rider |
| 57:20 | Gryphon Rider |
| 57:45 | Gryphon Rider |
| 57:45 | Gryphon Rider |
| 58:36 | Gryphon Rider |
| 59:04 | Gryphon Rider |
| 59:41 | Gryphon Rider |
| 59:43 | Fortress |
| 60:39 | Tauren |
| 60:44 | Troll Berserker |
| 60:45 | Steel Melee Weapons |
| 60:45 | Thorium Melee Weapons |
| 60:49 | Scroll of Town Portal |
| 60:53 | Gryphon Rider |
| 61:35 | Gryphon Rider |
| 62:13 | Troll Berserker |
| 62:14 | Tauren |
| 62:38 | Troll Berserker |
| 62:42 | Scroll of Town Portal |
| 65:10 | Scroll of Town Portal |
| 66:04 | Orb of Lightning |
| 67:07 | Boots of Speed |
| 67:12 | Healing Spray |
| 69:24 | Altar of Elders |
| Right click | 2888 |
| Select group | 1761 |
| Select | 907 |
| Build/train/purchase | 293 |
| Misc. action | 185 |
| Use ability | 123 |
| Assign group | 60 |
| Remove unit | 21 |
| Resource trade | 21 |
| Item give/drop | 7 |
| Esc | 2 |



x1)
| Potion of Healing | 3 | 450 |
| Scroll of Regeneration | 6 | 600 |
| Lesser Clarity Potion | 9 | 630 |
| Orb of Fire | 1 | 325 |
| Ivory Tower | 2 | 80 |
| Scroll of Town Portal | 11 | 3850 |
| Scroll of Healing | 4 | 1000 |
| Periapt of Vitality | 2 | 650 |
| Tome of Retraining | 1 | 300 |
| Circlet of Nobility | 1 | 175 |
| Potion of Lesser Invulnerability | 2 | 300 |
| Boots of Speed | 1 | 250 |
| Potion of Invisibility | 1 | 100 |
| total: | 44 | 8710g |
| Peasant | 17 | 1275 | / | 0 |
| Footman | 6 | 810 | / | 0 |
| Rifleman | 6 | 1230 | / | 180 |
| Gryphon Rider | 13 | 3640 | / | 910 |
| Knight | 1 | 245 | / | 60 |
| Flying Machine | 14 | 1400 | / | 420 |
| Mortar Team | 10 | 1800 | / | 700 |
| total: | 67 | 10400g | / | 2270w |
| Scout Tower | 22 | 660 | / | 440 |
| Arcane Tower | 4 | 280 | / | 200 |
| Guard Tower | 21 | 1470 | / | 1050 |
| Altar of Kings | 1 | 180 | / | 50 |
| Farm | 17 | 1360 | / | 340 |
| Barracks | 2 | 320 | / | 120 |
| Lumber Mill | 1 | 120 | / | 0 |
| Town Hall | 5 | 1925 | / | 1025 |
| Arcane Vault | 1 | 130 | / | 30 |
| Blacksmith | 1 | 140 | / | 60 |
| Gryphon Aviary | 2 | 280 | / | 300 |
| Workshop | 4 | 560 | / | 560 |
| Keep | 2 | 640 | / | 420 |
| Castle | 2 | 720 | / | 420 |
| total: | 56 | 5675g | / | 2925w |
| 0:02 | Peasant |
| 0:02 | Peasant |
| 0:02 | Peasant |
| 0:05 | Altar of Kings |
| 0:18 | Farm |
| 0:30 | Peasant |
| 0:36 | Scout Tower |
| 0:45 | Peasant |
| 0:49 | Barracks |
| 1:16 | Peasant |
| 1:23 | Peasant |
| 1:26 | Farm |
| 1:33 | Peasant |
| 1:45 | Peasant |
| 1:46 | Arcane Tower |
| 2:02 | Footman |
| 2:05 | Summon Water Elemental |
| 2:16 | Footman |
| 2:17 | Peasant |
| 2:18 | Peasant |
| 2:32 | Farm |
| 2:37 | Lumber Mill |
| 3:19 | Peasant |
| 3:21 | Scout Tower |
| 3:23 | Footman |
| 3:24 | Footman |
| 3:33 | Brilliance Aura |
| 3:47 | Town Hall |
| 3:50 | Scout Tower |
| 3:59 | Guard Tower |
| 4:18 | Guard Tower |
| 4:19 | Scout Tower |
| 4:27 | Defend |
| 4:36 | Scout Tower |
| 4:37 | Farm |
| 5:01 | Guard Tower |
| 5:35 | Arcane Vault |
| 5:43 | Keep |
| 5:43 | Footman |
| 5:54 | Peasant |
| 6:06 | Summon Water Elemental |
| 6:15 | Blacksmith |
| 6:46 | Farm |
| 7:25 | Farm |
| 7:45 | Farm |
| 7:45 | Rifleman |
| 7:45 | Rifleman |
| 7:46 | Rifleman |
| 8:04 | Farm |
| 8:06 | Castle |
| 8:25 | Farm |
| 8:28 | Gryphon Aviary |
| 8:29 | Gryphon Aviary |
| 8:42 | Rifleman |
| 8:52 | Farm |
| 9:51 | Brilliance Aura |
| 10:23 | Farm |
| 11:02 | Gryphon Rider |
| 11:03 | Gryphon Rider |
| 11:10 | Farm |
| 11:13 | Scout Tower |
| 11:27 | Potion of Healing |
| 11:29 | Scroll of Regeneration |
| 11:30 | Lesser Clarity Potion |
| 11:35 | Orb of Fire |
| 11:36 | Potion of Healing |
| 11:43 | Farm |
| 11:44 | Storm Bolt |
| 11:51 | Gryphon Rider |
| 12:16 | Gryphon Rider |
| 12:17 | Farm |
| 12:21 | Holy Light |
| 12:55 | Bash |
| 13:04 | Gryphon Rider |
| 13:24 | Divine Shield |
| 13:36 | Gryphon Rider |
| 14:14 | Studded Leather Armor |
| 15:09 | Storm Bolt |
| 15:16 | Rifleman |
| 15:16 | Rifleman |
| 15:17 | Long Rifles |
| 15:20 | Barracks |
| 15:36 | Storm Hammers |
| 16:15 | Scroll of Town Portal |
| 16:16 | Scroll of Healing |
| 16:17 | Periapt of Vitality |
| 16:42 | Animal War Training |
| 16:43 | Knight |
| 16:51 | Scroll of Regeneration |
| 16:52 | Scroll of Regeneration |
| 17:03 | Scroll of Town Portal |
| 17:07 | Scroll of Town Portal |
| 17:08 | Ivory Tower |
| 17:08 | Ivory Tower |
| 18:54 | Tome of Retraining |
| 18:54 | Retrain Hero |
| 18:56 | Blizzard |
| 18:56 | Blizzard |
| 18:57 | Brilliance Aura |
| 19:00 | Guard Tower |
| 19:34 | Town Hall |
| 19:54 | Holy Light |
| 20:36 | Guard Tower |
| 21:03 | Scroll of Town Portal |
| 21:03 | Scroll of Town Portal |
| 21:05 | Scroll of Healing |
| 21:23 | Workshop |
| 21:25 | Workshop |
| 21:26 | Workshop |
| 21:36 | Workshop |
| 22:46 | Flying Machine Bombs |
| 22:46 | Flak Cannons |
| 22:47 | Flying Machine |
| 22:47 | Flying Machine |
| 22:47 | Flying Machine |
| 22:47 | Flying Machine |
| 22:51 | Farm |
| 22:52 | Farm |
| 23:46 | Flying Machine |
| 23:46 | Flying Machine |
| 23:46 | Flying Machine |
| 23:46 | Flying Machine |
| 24:55 | Blizzard |
| 25:47 | Flying Machine |
| 25:47 | Flying Machine |
| 28:36 | Town Hall |
| 28:37 | Scout Tower |
| 28:38 | Scout Tower |
| 28:39 | Scout Tower |
| 28:40 | Scout Tower |
| 28:47 | Fragmentation Shards |
| 28:47 | Flare |
| 28:48 | Mortar Team |
| 28:48 | Mortar Team |
| 29:06 | Guard Tower |
| 29:08 | Guard Tower |
| 29:10 | Arcane Tower |
| 29:12 | Guard Tower |
| 29:43 | Scroll of Regeneration |
| 30:22 | Mortar Team |
| 30:22 | Mortar Team |
| 30:27 | Lesser Clarity Potion |
| 31:44 | Mortar Team |
| 32:58 | Mortar Team |
| 33:48 | Bash |
| 34:06 | Scroll of Town Portal |
| 34:15 | Scout Tower |
| 34:15 | Scout Tower |
| 34:44 | Guard Tower |
| 35:03 | Evasion |
| 35:11 | Guard Tower |
| 36:04 | Scout Tower |
| 37:40 | Divine Shield |
| 38:04 | Mortar Team |
| 38:05 | Mortar Team |
| 38:05 | Mortar Team |
| 38:06 | Mortar Team |
| 38:34 | Farm |
| 38:55 | Lesser Clarity Potion |
| 39:04 | Lesser Clarity Potion |
| 39:06 | Scroll of Town Portal |
| 39:09 | Scroll of Town Portal |
| 41:41 | Flying Machine |
| 41:48 | Lesser Clarity Potion |
| 44:30 | Scout Tower |
| 44:31 | Scout Tower |
| 44:32 | Scout Tower |
| 44:33 | Scout Tower |
| 44:34 | Scout Tower |
| 44:36 | Scroll of Regeneration |
| 45:09 | Scroll of Healing |
| 45:18 | Scroll of Healing |
| 45:19 | Periapt of Vitality |
| 45:23 | Circlet of Nobility |
| 45:24 | Potion of Lesser Invulnerability |
| 45:29 | Guard Tower |
| 45:31 | Scout Tower |
| 45:33 | Scout Tower |
| 46:36 | Guard Tower |
| 47:43 | Gryphon Rider |
| 47:44 | Gryphon Rider |
| 47:44 | Gryphon Rider |
| 47:44 | Gryphon Rider |
| 47:44 | Gryphon Rider |
| 47:55 | Scout Tower |
| 48:11 | Town Hall |
| 49:56 | Storm Bolt |
| 50:08 | Mass Teleport |
| 50:34 | Holy Light |
| 50:34 | Holy Light |
| 50:58 | Scroll of Town Portal |
| 51:03 | Scroll of Town Portal |
| 51:04 | Potion of Healing |
| 52:26 | Lesser Clarity Potion |
| 52:43 | Gryphon Rider |
| 52:43 | Gryphon Rider |
| 53:02 | Scroll of Town Portal |
| 53:14 | Peasant |
| 53:14 | Peasant |
| 53:14 | Peasant |
| 53:14 | Peasant |
| 54:21 | Iron Forged Swords |
| 54:21 | Reinforced Leather Armor |
| 54:59 | Thunder Clap |
| 55:24 | Footman |
| 56:32 | Lesser Clarity Potion |
| 56:39 | Lesser Clarity Potion |
| 57:05 | Town Hall |
| 59:05 | Divine Shield |
| 60:03 | Scout Tower |
| 60:46 | Scroll of Regeneration |
| 60:51 | Lesser Clarity Potion |
| 61:30 | Brilliance Aura |
| 65:09 | Flying Machine |
| 65:09 | Flying Machine |
| 65:09 | Flying Machine |
| 65:19 | Potion of Lesser Invulnerability |
| 71:34 | Boots of Speed |
| 73:55 | Potion of Invisibility |
| Select group | 5495 |
| Right click | 4146 |
| Select | 2048 |
| Misc. action | 1737 |
| Build/train/purchase | 375 |
| Use ability | 302 |
| Assign group | 50 |
| Item give/drop | 16 |
| Esc | 8 |
| Minimap ping | 2 |
⇛